AoeStats
← kenagustin1990

Hill Fort

504068164Analyzed
3v3 RM · 2mo ago on Sep 3, 2026· 60m 48s· 6 players
Game mode
Random Map
Map size
Normal (6 player)
Population
200
Speed
Normal
Resources
Standard
Victory
Conquest
Starting age
Dark Age
Ending age
Imperial Age
RankedLock teamsTeams togetherTeam positionsShared explorationLock speedFull tech treeHidden civsTurbo modeCheats
Victory
Defeat
🇦🇷 Italians · Argentina
1169
+15
🇹🇼 Khitans · Taiwan
1162
+16
🇹🇼 Turks · Taiwan
1116
+18
vs
🇨🇭 Malians · Switzerland
1328
-24
🇺🇸 Bohemians · United States
1150
-16
🇦🇷 Inca · Argentina
987
-9
Muad Quim
2:02 Loom
11:00 Feudal Age
11:33 Double-Bit Axe
19:45 Castle Age
19:11 Scale Mail Armor
19:15 Padded Archer Armor
19:24 Town Watch
20:15 Wheelbarrow
19:56 Horse Collar
21:49 Leather Archer Armor
23:25 Chemistry
29:26 Bow Saw
29:38 Hand Cart
29:40 Fletching
30:37 Fervor
32:38 Squires
34:10 Heavy Plow
38:20 Caravan
39:48 Pikeman
42:29 Chain Mail Armor
42:25 Forging
42:10 Bodkin Arrow
45:29 Imperial Age
44:01 Wagenburg Tactics
47:07 Siege Engineers
47:44 Iron Casting
kenagustin1990
10:21 Feudal Age
16:25 Castle Age
15:04 Double-Bit Axe
15:00 Horse Collar
15:59 Stone Mining
15:59 Loom
17:48 Bow Saw
18:45 Heavy Plow
19:37 Stone Shaft Mining
23:23 Forging
23:13 Scale Mail Armor
24:46 Scale Mail Armor
30:59 Imperial Age
31:38 Iron Casting
31:18 Chain Mail Armor
31:49 Chain Mail Armor
32:46 Wheelbarrow
33:20 Conscription
34:12 Blast Furnace
37:38 Fabric Shields
38:48 Elite Kamayuk
42:48 Plate Mail Armor
42:33 Crossbowman
43:18 Thumb Ring
43:17 Padded Archer Armor
43:07 Fletching
43:26 Gold Mining
44:06 Crop Rotation
48:49 Elite Skirmisher
54:24 Leather Archer Armor
54:05 Bodkin Arrow
Pancho
10:44 Feudal Age
12:41 Loom
16:08 Castle Age
16:08 Double-Bit Axe
16:04 Horse Collar
16:59 Gold Mining
17:25 Bow Saw
26:18 Fletching
29:22 Wheelbarrow
28:33 Town Watch
31:27 Padded Archer Armor
31:22 Bodkin Arrow
36:33 Imperial Age
37:03 Light Cavalry
37:44 Husbandry
37:55 Bloodlines
37:51 Scale Barding Armor
38:56 Leather Archer Armor
39:34 Forging
41:10 Squires
45:38 Chain Barding Armor
45:54 Iron Casting
49:59 Heavy Plow
jueaadjx
5:37 Loom
10:48 Feudal Age
21:15 Castle Age
26:46 Imperial Age
24:52 Gold Mining
24:50 Double-Bit Axe
31:25 Padded Archer Armor
37:03 Leather Archer Armor
37:10 Ballistics
37:12 Bombard Tower
42:17 Artillery
42:38 Conscription
43:47 Ring Archer Armor
43:10 Fletching
48:20 Bow Saw
49:11 Gold Shaft Mining
48:18 Horse Collar
51:38 Heavy Plow
52:43 Two-Man Saw
53:51 Bodkin Arrow
57:21 Bracer
60:53 Ring Archer Armor
洗勒烤喔
7:28 Loom
9:41 Feudal Age
19:54 Castle Age
18:22 Double-Bit Axe
22:38 Forging
22:34 Scale Barding Armor
22:59 Husbandry
24:48 Iron Casting
25:51 Wheelbarrow
25:12 Town Watch
27:03 Hand Cart
29:19 Bow Saw
29:21 Gold Mining
34:39 Imperial Age
32:13 Domestication
32:27 Fletching
33:14 Pastoralism
33:57 Elite Skirmisher
34:44 Thumb Ring
35:47 Town Patrol
35:58 Elite Steppe Lancer
37:25 Chain Barding Armor
37:38 Conscription
38:52 Lamellar Armor
39:42 Light Cavalry
40:39 Ordo Cavalry
42:59 Town Patrol
43:18 Hussar
46:44 Chemistry
45:49 Siege Engineers
47:15 Two-Man Saw
46:46 Ballistics
47:07 Heavy Camel Rider
54:47 Transhumance
54:53 Plate Barding Armor
54:19 Scale Mail Armor
54:15 Bodkin Arrow
54:20 Padded Archer Armor
57:05 Capped Ram
58:30 Siege Ram
60:16 Bracer
60:31 Leather Archer Armor
60:32 Chain Mail Armor
60:03 Treadmill Crane
60:18 Murder Holes
60:34 Masonry
facundomcilano
10:43 Feudal Age
11:24 Double-Bit Axe
17:09 Castle Age
15:19 Horse Collar
16:20 Loom
18:51 Bow Saw
20:02 Wheelbarrow
20:00 Heavy Plow
20:38 Town Watch
26:00 Crossbowman
28:14 Fletching
28:25 Padded Archer Armor
34:25 Imperial Age
32:47 Bodkin Arrow
33:07 Leather Archer Armor
33:00 Thumb Ring
35:11 Ballistics
36:15 Chemistry
35:19 Bracer
39:35 Elite Skirmisher
39:36 Arbalester
41:02 Ring Archer Armor
40:54 Murder Holes
46:13 Capped Ram
53:47 Forging
53:38 Scale Mail Armor
53:43 Scale Barding Armor
56:25 Spies/Treason
Connection lost

Rejoining the realm…

Still unreachable

The connection could not be restored.

Session expired

The server has moved on; the page needs a fresh start.